 Dungeon Crawl Stone Soup version 0.19.1 (webtiles) character file.

107 Host24 the Bolt Thrower (level 5, -4/34 HPs)
             Began as a Kobold Hunter on Dec 30, 2016.
             Killed from afar by an orc wizard (10 damage)
             ... with a puff of flame
             ... on level 2 of the Dungeon.
             The game lasted 00:05:47 (2706 turns).

Host24 the Bolt Thrower (Kobold Hunter)             Turns: 2706, Time: 00:05:47

Health: -4/34      AC:  4    Str: 10    XL:     5   Next: 11%
Magic:  5/5        EV: 15    Int: 17    God:
Gold:   118        SH:  0    Dex: 16    Spells: 0 memorised, 4 levels left

rFire  . . .     SeeInvis .     a - +1 hand crossbow
rCold  . . .     Gourm    .     c - +0 leather armour
rNeg   . . .     Faith    .     (shield restricted)
rPois  .         Spirit   .     (no helmet)
rElec  .         Reflect  .     m - +0 cloak
rCorr  .         Harm     .     (no gloves)
MR     .....                    (no boots)
Stlth  ++........               (no amulet)
                                (no ring)
                                (no ring)

@: brilliant, hasted, very quick
A: carnivore 3
a: no special abilities


You were on level 2 of the Dungeon.
You were completely stuffed.

You visited 1 branch of the dungeon, and saw 3 of its levels.

You collected 118 gold pieces.

Inventory:

Hand Weapons
 a - a +1 hand crossbow (weapon)
 b - a +0 short sword
Missiles
 d - 10 bolts (quivered)
 j - 12 stones
 q - 35 sling bullets
 s - 50 arrows
Armour
 c - a +0 leather armour (worn)
 m - a +0 cloak (worn)
Jewellery
 h - an uncursed ring of ice {unknown}
Scrolls
 k - 2 scrolls of fear {unknown}
 l - a scroll of teleportation {unknown}
 o - 2 scrolls of immolation {unknown}
 p - 2 scrolls of remove curse {unknown}
 v - a scroll of identify {unknown}
Potions
 e - a potion of might {unknown}
 r - a potion of flight {unknown}
 t - a potion of lignification {unknown}
Comestibles
 f - 2 meat rations
 u - a chunk of flesh


   Skills:
 + Level 4.8 Fighting
 - Level 5.0 Crossbows
 - Level 3.2 Dodging
 - Level 1.3 Stealth


You had 4 spell levels left.
You didn't know any spells.

Dungeon Overview and Level Annotations

Branches:
Dungeon (3/15)

Altars:


Innate Abilities, Weirdness & Mutations

You are small and have problems with some larger weapons.
You are carnivorous and can eat meat at any time.


Message History

The orc wizard mumbles some strange words.
The orc wizard flickers and vanishes!
Something hits you but does no damage.
Firing (i - inventory. (,) - cycle):
d - 11 bolts (quivered)
Press: ? - help, Shift-Dir - straight line, f - you Really target yourself?
Okay, then.
Unknown command.
Firing (i - inventory. (,) - cycle):
d - 11 bolts (quivered)
Press: ? - help, Shift-Dir - straight line You shoot a bolt.
Something hits you.
* * * LOW HITPOINT WARNING * * *
It was a potion of brilliance.
You feel clever all of a sudden. Something hits you.
* * * LOW HITPOINT WARNING * * *
It was a potion of haste.
You feel yourself speed up.
You hear some strange, mumbled words.
A puff of flame appears from out of thin air!
The puff of flame hits you!
You die...

###...# ##)#.#######.##.#
# ##### #.#.........##.# #
#.############.# # ##'##
#># ##### ##...## #.#
..%.# ##.....## ####.#
#.#.# ##.......## ##....#
....###.........####.....#
......'.........@{.....(##
......#.........####..†##
.....).#......†######..###
.......##.....####.......#
...)...###...## #........#
...>..## ##'## #..###.#.#
.....######.# #..###.#.#
.........##.#####..#...#.#
######.........##..#.###.#


There were no monsters in sight!

Vanquished Creatures
  4 adders
  An ooze (D:1)
  A worm (D:2)
  A dart slug (D:2)
  2 orcs
  3 giant cockroaches (D:1)
  5 goblins
  8 hobgoblins
  3 jackals (D:1)
  A quokka (D:3)
  12 bats
  A frilled lizard (D:2)
  7 kobolds
  13 rats
62 creatures vanquished.

Vanquished Creatures (others)
  2 fungi (D:3)
2 creatures vanquished.

Grand Total: 64 creatures vanquished

Notes
Turn   | Place    | Note
-------+----------+-------------------------------------------
     0 | D:1      | Host24 the Kobold Hunter began the quest for the Orb.
     0 | D:1      | Reached XP level 1. HP: 12/12 MP: 1/1
    57 | D:1      | Reached XP level 2. HP: 9/19 MP: 2/2
   601 | D:1      | Reached XP level 3. HP: 16/23 MP: 3/3
  1373 | D:2      | Reached XP level 4. HP: 15/29 MP: 4/4
  1802 | D:2      | Reached skill level 5 in Crossbows
  2519 | D:3      | Reached XP level 5. HP: 30/34 MP: 5/5
  2706 | D:2      | Killed from afar by an orc wizard

Skill      XL: |  1  2  3  4 |
---------------+-------------+-----
Fighting       | 3 4 |  4.8
Dodging        | 3 |  3.2
Crossbows      | 5 |  5.0
Stealth        | |  1.3

Action                   |  1- 3 |  4- 6 || total
-------------------------+-------+-------++-------
Melee: Short sword       |   138 |    95 ||   233
 Fire: Hand crossbow     |       |    26 ||    26
  Use: Potion            |       |     5 ||     5
 Stab: Sleeping          |     1 |     2 ||     3
  Eat: Chunk             |    10 |     4 ||    14
Armor: Leather armour    |    50 |    33 ||    83
Dodge: Dodged            |   127 |    99 ||   226
